 Dungeon Crawl Stone Soup version 0.29.0-5-ge4962eb29e (webtiles) character file.

Game seed: 1376147066811015722

60 freelancePsychic the Sneak (level 4, -1/35 HPs)
             Began as a Ghoul Fire Elementalist on Aug 29, 2022.
             Slain by Robin
             ... wielding a +0 spear of venom
              (4 damage)
             ... on level 2 of the Dungeon.
             The game lasted 00:03:16 (2354 turns).

freelancePsychic the Sneak (GhFE)                   Turns: 2354, Time: 00:03:17

Health: -1/35      AC:  5    Str: 11    XL:     4   Next: 4%
Magic:  5/5        EV: 10    Int: 10    God:
Gold:   121        SH:  0    Dex: 11    Spells: 5/6 levels left

rFire   . . .      SeeInvis .   j - +2 short sword (venom)
rCold   + . .      Faith    .   (no shield)
rNeg    + + +      Spirit   .   e - +0 ring mail
rPois   ∞          Reflect  .   (no helmet)
rElec   .          Harm     .   (no cloak)
rCorr   .          Rampage  .   (no gloves)
Will    .....                   (no boots)
Stlth   +.........              (no amulet)
HPRegen 0.00/turn               (no ring)
MPRegen 0.09/turn               (no ring)

@: inhibited regen
A: claws 1, cold resistance 1, negative energy resistance 3, inhibited
regeneration, torment resistance 2, devour on kill
a: no special abilities


You were on level 2 of the Dungeon.
You visited 1 branch of the dungeon, and saw 2 of its levels.

You collected 121 gold pieces.

Inventory:

Hand Weapons
 h - a +2 dagger of venom
 j - a +2 short sword of venom (weapon)
Armour
 a - a +0 robe
 e - a +0 ring mail (worn)
Jewellery
 f - a +6 ring of dexterity
 k - an amulet of the acrobat
Wands
 l - a wand of roots (5)
Scrolls
 c - a scroll of vulnerability {unknown}
 d - a scroll of poison {unknown}
 g - a scroll of butterflies {unknown}
 i - a scroll of torment {unknown}
 m - a scroll of amnesia {unknown}
Potions
 b - 2 potions of magic


   Skills:
 + Level 1.6 Fighting
 - Level 1.2 Short Blades
 * Level 0.1 Polearms
 - Level 1.7 Dodging
 + Level 3.1 Stealth
 - Level 1.1 Unarmed Combat
 - Level 1.7 Spellcasting
 - Level 0.7 Conjurations
 - Level 2.4 Fire Magic
 - Level 1.1 Invocations


You had 5 spell levels left.
You knew the following spells:

 Your Spells              Type           Power      Damage    Failure   Level
a - Foxfire               Conj/Fire      16%        2x1d4     38%         1

Your spell library contained the following spells:

 Spells                   Type           Power      Damage    Failure   Level
 Scorch                   Fire           10%        2d5       41%         2
 Conjure Flame            Conj/Fire      4%         6-21      77%         3
 Inner Flame              Hex/Fire       3%         N/A       82%         3
 Flame Wave               Conj/Fire      4%         2d5       99%         4


Dungeon Overview and Level Annotations

Branches:
Dungeon (2/15)

Altars:

Annotations:
D:2 Robin, Terence


Innate Abilities, Weirdness & Mutations

You are immune to poison.
You have sharp fingernails.
Your flesh is cold resistant. (rC+)
You are immune to negative energy. (rN+++)
You do not regenerate when monsters are visible.
You are immune to unholy pain and torment.
You thrive by killing the living.


Message History

You are too injured to fight recklessly!
You are too injured to fight recklessly!
You are too injured to fight recklessly!
You are too injured to fight recklessly!
You are too injured to fight recklessly!
You are too injured to fight recklessly!
You are too injured to fight recklessly!
You are too injured to fight recklessly!
You are too injured to fight recklessly!
You hit the hobgoblin.
You kill the hobgoblin!
The goblin barely misses you.
Robin hits you from afar with a +0 spear of venom.
Robin hits you but does no damage.
You hit Robin but do no damage.
Robin is poisoned.
Robin barely misses you. The goblin barely misses you. x2
Robin hits you with a +0 spear of venom.
You hit Robin.
Robin looks as sick as possible!
Robin is lightly wounded.
The goblin hits you with a +0 club.
* * * LOW HITPOINT WARNING * * *
Robin barely misses you.
You hit Robin but do no damage.
Robin is lightly wounded.
The goblin barely misses you. Robin misses you.
You hit Robin.
Robin looks as sick as possible!
Robin is moderately wounded.
The goblin closely misses you. Robin barely misses you.
Okay, then.
You hit Robin.
Robin looks as sick as possible!
Robin is severely wounded.
The goblin hits you with a +0 club.
* * * LOW HITPOINT WARNING * * *
Robin barely misses you.
You barely miss Robin.
Robin is severely wounded.
The goblin hits you with a +0 club.
* * * LOW HITPOINT WARNING * * *
Robin hits you with a +0 spear of venom.
You die...

### #.# #######.#
ggg.g...#
##############.#
#.........g@g..#
#.#################
#.# ....... #.#
....... #.#
########....... #.#
#.............. #.#
#.............. #.#
#.............. #.#
#...........###
########


You could see Robin (extremely poisoned) and a goblin (strong).

Vanquished Creatures
  An adder (D:2)
  2 dart slugs (D:2)
  4 ball pythons (D:1)
  3 endoplasms
  3 goblins
  8 hobgoblins
  6 kobolds
  4 quokkas
  5 bats
  A frilled lizard (D:1)
  5 rats
42 creatures vanquished.

Vanquished Creatures (others)
  6 foxfires (D:1)
6 creatures vanquished.

Grand Total: 48 creatures vanquished

Notes
Turn   | Place    | Note
-------+----------+-------------------------------------------
     0 | D:1      | freelancePsychic the Ghoul Fire Elementalist began the
                  | quest for the Orb.
     0 | D:1      | Reached XP level 1. HP: 14/14 MP: 2/2
   538 | D:1      | Reached XP level 2. HP: 21/22 MP: 3/3
   807 | D:1      | Reached skill level 1 in Invocations
   830 | D:1      | Reached skill level 1 in Unarmed Combat
   833 | D:1      | Reached skill level 1 in Fighting
  1157 | D:1      | Reached XP level 3. HP: 28/28 MP: 4/4
  1390 | D:2      | Noticed Terence
  1746 | D:2      | Reached skill level 1 in Short Blades
  1746 | D:2      | Reached skill level 3 in Stealth
  2126 | D:2      | Reached XP level 4. HP: 23/35 MP: 5/5
  2271 | D:2      | Noticed Robin
  2354 | D:2      | Slain by Robin

Illustrated notes

Levels and vault maps discovered:
D:1:      roderic_octagonal_star, layout_loops_corners
D:2:      minmay_alternating_diamond, layout_basic, basic_altar, uniq_terence,
          uniq_robin

Skill      XL: |  1  2  3 |
---------------+----------+-----
Invocations    | 1 |  1.1
Unarmed Combat | 1 |  1.1
Fighting       | 1 |  1.6
Short Blades   | 1 |  1.2
Stealth        | 3 |  3.1
Polearms       | |  0.1
Dodging        | |  1.7
Spellcasting   | |  1.7
Conjurations   | |  0.7
Fire Magic     | |  2.4

Action                   |  1- 3 |  4- 6 || total
-------------------------+-------+-------++-------
Melee: Unarmed           |    57 |       ||    57
       Dagger            |    52 |       ||    52
       Short sword       |    12 |    18 ||    30
 Cast: Foxfire           |     6 |       ||     6
  Use: Scroll            |     1 |       ||     1
       Potion            |     1 |       ||     1
 Stab: Sleeping          |     2 |       ||     2
Armor: Robe              |     5 |       ||     5
       Ring mail         |    41 |     4 ||    45
Dodge: Dodged            |    95 |    18 ||   113
